 Dungeon Sprint DCSS version 0.27-a0-1105-g946c659c87 (webtiles) character file.

Game seed: 13953878644950118993

646 mhtbhm the Arsonist (level 7, 0/36 HPs)
             Began as a Deep Elf Fire Elementalist on Apr 30, 2021.
             Was a Priest of Vehumet.
             Slain by an air elemental (9 damage)
             ... in the Dungeon (Sprint V: "Ziggurat Sprint").
             The game lasted 00:01:45 (229 turns).

mhtbhm the Arsonist (Deep Elf Fire Elementalist)     Turns: 229, Time: 00:01:46

Health: 0/36       AC:  5    Str:  5    XL:     7   Next: 27%
Magic:  6/22       EV: 15    Int: 31    God:    Vehumet [***...]
Gold:   0          SH:  5    Dex: 15    Spells: 10/26 levels left

rFire    + . .     SeeInvis .   C - +8 lance "Wyrmbane" {slay drac, rPois rF+ rC+ AC+3}
rCold    + . .     Faith    .   (no shield)
rNeg     . . .     Spirit   .   a - +0 robe
rPois    +         Reflect  +   (no helmet)
rElec    .         Harm     .   r - scarf {repulsion}
rCorr    .         Rampage  .   (no gloves)
Will     ++...     NoTele   +   (no boots)
Stlth    ++........             t - amulet of reflection
HPRegen  0.12/turn              u - +6 ring of intelligence
MPRegen  0.18/turn              s - ring of the Mage {Wiz Will++ Int+3}

@: flying (expiring), studying 2 skills, repel missiles
A: no striking features
a: Renounce Religion


You were in the Dungeon.
You worshipped Vehumet.
Vehumet was most pleased with you.
You visited 1 branch

Inventory:

Hand Weapons
 C - the +8 lance "Wyrmbane" (weapon) {slay drac, rPois rF+ rC+ AC+3}
   (You found it in the Dungeon)

   It affects your AC (+3).
   It protects you from fire.
   It protects you from cold.
   It protects you from poison.
Armour
 a - a +0 robe (worn)
 r - a scarf of repulsion (worn)
Jewellery
 s - the ring of the Mage (right hand) {Wiz Will++ Int+3}
   (You found it in the Dungeon)

   [ring of wizardry]

   It improves your spell success rate.
   It affects your intelligence (+3).
   It greatly increases your willpower.
 t - an amulet of reflection (around neck)
 u - a +6 ring of intelligence (left hand)
Wands
 y - a wand of mindburst (7)
 z - a wand of iceblast (2)
 A - a wand of acid (6)
Scrolls
 h - 4 scrolls of blinking
 m - 4 scrolls of amnesia
 n - 7 scrolls of fog
 o - a scroll of holy word
 p - 5 scrolls of identify
 q - 2 scrolls of fear
Potions
 b - 2 potions of brilliance
 c - 10 potions of curing
 d - 9 potions of heal wounds
 e - 6 potions of haste
 f - 7 potions of magic
 g - 3 potions of berserk rage
 i - 2 potions of invisibility
 j - 4 potions of resistance
 k - a potion of experience
 l - 5 potions of might
Miscellaneous
 w - a phantom mirror
 B - a lightning rod (4/4)


   Skills:
 + Level 7.3 Dodging
 - Level 3.0 Stealth
 + Level 10.0 Spellcasting
 + Level 3.1 Conjurations
 + Level 12.9 Fire Magic
 + Level 3.8 Evocations


You had 10 spell levels left.
You knew the following spells:

 Your Spells              Type           Power      Damage    Failure   Level
a - Foxfire               Conj/Fire      100%       2x1d9     1%          1
b - Conjure Flame         Conj/Fire      60%        6-21      1%          3
c - Inner Flame           Hex/Fire       54%        N/A       1%          3
d - Sticky Flame          Conj/Fire      60%        2d8       1%          4
e - Fireball              Conj/Fire      30%        3d13      1%          5

Your spell library contained the following spells:

 Spells                   Type           Power      Damage    Failure   Level
 Freeze                   Ice            60%        1d8       1%          1
 Corona                   Hex            16%        N/A       1%          1
 Summon Guardian Golem    Hex/Summ       15%        N/A       4%          3
 Cause Fear               Hex            7%         N/A       13%         4
 Dispel Undead            Necr           15%        3d10      13%         4
 Discord                  Hex            7%         N/A       100%        8


Dungeon Overview and Level Annotations

Branches:
Dungeon (1/1)

Altars:
Ashenzari
Cheibriados
Dithmenos
Elyvilon
Fedhas
Gozag
Hepliaklqana
Kikubaaqudgha
Makhleb
Nemelex Xobeh
Okawaru
Qazlal
Ru
Sif Muna
Trog
Uskayaw
Vehumet
Wu Jian
Xom
Yredelemnul
Zin
The Shining One
Beogh
Jiyva
Lugonu

Annotations:
D 1 transporter


Message History

The fireball explodes!
The fireball engulfs the air elemental!!
The air elemental is severely damaged.
The fireball engulfs the air elemental!
The air elemental is heavily damaged.
The fireball engulfs the air elemental.
The air elemental is heavily damaged.
The vortex of raging winds lifts you up.
You fly up into the air.
You block the air elemental's attack.
A vortex of raging winds appears around the air elemental!
The air elemental barely misses you.
A vortex of raging winds appears around the air elemental!
The air elemental barely misses you.
Unknown command.
Unknown command.
Unknown command.
Casting: Fireball (dangerous; 1% risk of failure)
Confirm with . or Enter, or press ? or * to list all spells.
Aiming: Fireball (dangerous; 1% risk of failure)
Press: ? - help, Shift-Dir - straight line The fireball explodes!
The fireball engulfs the air elemental!!
You destroy the air elemental!
Vehumet accepts your kill.
You feel your power returning.
The fireball engulfs the air elemental!!
The air elemental is almost destroyed.
You are engulfed in raging winds.
* * * LOW HITPOINT WARNING * * *
You block the air elemental's attack. The air elemental barely misses you.
Your Dodging skill increases to level 7!
Your Spellcasting skill increases to level 10!
Your Conjurations skill increases to level 3!
You have reached level 7!
Unknown command.
You feel much better.
You are engulfed in raging winds.
* * * LOW HITPOINT WARNING * * *
The winds around the air elemental start to calm down.
The air elemental closely misses you. The air elemental hits you!
You die...

▓.....▓.....▓.....▓
▓..†..▓.....▓..©..▓
▓..©..▓..©..▓▓▓▓▓▓▓
▓▓▓▓▓▓▓▓▓▓▓▓▓▓
▓..8©8...▓
▓..=:[...▓
▓§§§§§§§.▓
▓§§§§§§§§▓
▓§§§§@§§§▓
▓§§§EE§§.▓
▓§§§§§§§.▓
▓▓▓▓▓▓▓▓▓▓


You could see 2 air elementals.

Vanquished Creatures
  2 air elementals (D)
  2 water moccasins (D)
  A crimson imp (D)
  2 quasits (D)
  A mummy (D)
  An adder (D)
  An adder zombie (D)
  A ball python (D)
11 creatures vanquished.

Vanquished Creatures (others)
  2 foxfires (D)
2 creatures vanquished.

Grand Total: 13 creatures vanquished

Notes
Turn   | Place    | Note
-------+----------+-------------------------------------------
     0 | D        | mhtbhm the Deep Elf Fire Elementalist began the quest for
                  | the Orb.
     0 | D        | Reached XP level 1. HP: 10/10 MP: 6/6
     0 | D        | Found a shimmering blue altar of Sif Muna.
     0 | D        | Found a bloodstained altar of Trog.
     0 | D        | Found a sacrificial altar of Ru.
     0 | D        | Found a stormy altar of Qazlal.
     0 | D        | Found an iron altar of Okawaru.
     1 | D        | Found a sparkling altar of Nemelex Xobeh.
     1 | D        | Found a blossoming altar of Fedhas.
     2 | D        | Found the +6 Majin-Bo {vamp, MP+6 Int+6}
     2 | D        | Found the +9 heavy crossbow "Sniper" {vorpal, Acc+∞ SInv}
     2 | D        | Found the +10 dark maul {vorpal}
     2 | D        | Found the +15 Maxwell's patent armour {-Cast -Tele rElec
                  | Will+ rCorr}
     2 | D        | Found the +18 shield of the Gong {rElec rN+ Will+ EV-5}
     2 | D        | Found the +14 obsidian axe {vorpal, Drain Fly SInv}
     2 | D        | Found the +7 great mace "Firestarter" {inner flame, rF++}
     2 | D        | Found the +6 shillelagh "Devastator" {shatter}
     2 | D        | Found the +11 plutonium sword {Contam Stlth-}
     2 | D        | Found the +8 lance "Wyrmbane" {slay drac, rPois rF+ rC+
                  | AC+3}
     2 | D        | Found the +9 sword of Zonguldrok {reap}
     2 | D        | Found the +13 scythe of Curses {drain, Drain}
     2 | D        | Found the +5 sword of Power {vorpal}
     2 | D        | Found the +7 mace of Variability {chain chaos}
     2 | D        | Found the +7 Singing Sword {vorpal, sonic wave}
     2 | D        | Found the +8 storm bow {elec, penet}
     3 | D        | Found a transporter.
     3 | D        | Found an ancient bone altar of Kikubaaqudgha.
     3 | D        | Found a viscous altar of Jiyva.
     3 | D        | Found a corrupted altar of Lugonu.
     3 | D        | Found a hazy altar of Hepliaklqana.
     3 | D        | Found a burning altar of Makhleb.
     3 | D        | Found an opulent altar of Gozag.
    35 | D        | Became a worshipper of Vehumet
    59 | D        | Entered arena 2.
    59 | D        | Found a transporter.
    60 | D        | Found the ring of the Mage {Wiz Will++ Int+3}
    62 | D        | Reached skill level 4 in Fire Magic
    64 | D        | Reached XP level 2. HP: 15/15 MP: 6/9
    93 | D        | Entered arena 3.
    93 | D        | Noticed a crimson imp
    93 | D        | Found a transporter.
    94 | D        | Killed a crimson imp
    94 | D        | Reached * piety under Vehumet
    94 | D        | Offered knowledge of Freeze by Vehumet.
    95 | D        | Reached skill level 5 in Spellcasting
    95 | D        | Reached skill level 6 in Fire Magic
    95 | D        | Reached XP level 3. HP: 19/19 MP: 9/11
    95 | D        | Reached ** piety under Vehumet
    96 | D        | Reached skill level 8 in Fire Magic
    96 | D        | Reached skill level 1 in Evocations
    96 | D        | Reached XP level 4. HP: 24/24 MP: 10/14
   103 | D        | Got the amulet of Fun {Faith Dex+4}
   124 | D        | Entered arena 4.
   124 | D        | Noticed a water moccasin
   124 | D        | Noticed a water moccasin
   124 | D        | Found a transporter.
   126 | D        | Killed a water moccasin
   127 | D        | Reached skill level 5 in Dodging
   127 | D        | Reached skill level 10 in Fire Magic
   127 | D        | Reached XP level 5. HP: 28/28 MP: 15/17
   127 | D        | Killed a water moccasin
   127 | D        | Reached *** piety under Vehumet
   128 | D        | Reached skill level 11 in Fire Magic
   128 | D        | Reached XP level 6. HP: 32/32 MP: 17/19
   132 | D        | Learned a level 3 spell: Conjure Flame
   136 | D        | Learned a level 3 spell: Inner Flame
   141 | D        | Learned a level 4 spell: Sticky Flame
   147 | D        | Learned a level 5 spell: Fireball
   153 | D        | Got Ofuqeamm's Volume of Enchanting Necromancy
   225 | D        | Entered arena 5.
   225 | D        | Noticed an air elemental
   225 | D        | Noticed an air elemental
   225 | D        | Noticed an air elemental
   225 | D        | Noticed an air elemental
   225 | D        | Found a transporter.
   226 | D        | Killed an air elemental
   227 | D        | Reached skill level 12 in Fire Magic
   228 | D        | Killed an air elemental
   229 | D        | Reached skill level 10 in Spellcasting
   229 | D        | Reached XP level 7. HP: 8/36 MP: 6/22
   229 | D        | Slain by an air elemental

Illustrated notes

Levels and vault maps discovered:
D:        sprint_v [room_start, room_1, room_2, room_3, room_4, room_5, room_6,
          room_7, room_8, room_9, room_10, room_11, room_12, room_13, room_14,
          room_15, room_16, room_17, room_18, room_19, room_20, room_21,
          room_22, room_23, room_24, room_25, room_26, room_27]

Skill      XL: |  1  2  3  4  5  6 |
---------------+-------------------+-----
Fire Magic     | 4 6 8 10 11 12 | 12.9
Dodging        | 3 4 5 6 7 |  7.3
Stealth        | 3 |  3.0
Spellcasting   | 4 5 6 7 8 10 | 10.0
Evocations     | 1 2 3 |  3.8
Conjurations   | 2 3 |  3.1

Action                   |  1- 3 |  4- 6 |  7- 9 || total
-------------------------+-------+-------+-------++-------
 Cast: Foxfire           |     1 |       |       ||     1
       Fireball          |       |     3 |       ||     3
Evoke: Wand              |     4 |     2 |       ||     6
       Lightning rod     |       |     1 |       ||     1
  Use: Potion            |       |       |     1 ||     1
Dodge: Dodged            |       |     3 |     1 ||     4
Block: Other             |       |     2 |       ||     2

Table legend: (Time is in decaauts)
 A = Elapsed time spent in this place.
 B = Non-inter-level travel time spent in this place.
 C = Inter-level travel time spent in this place.
 D = Time resting spent in this place.
 E = Time spent auto-exploring this place.
 F = Levels seen in this place.
 G = Mean time per level.
                   A        B        C        D        E       F      G
               +--------+--------+--------+--------+--------+-----+--------+
         Total |    226 |    226 |      0 |     86 |      0 |   1 |  226.0 |
       Dungeon |    226 |    226 |      0 |     86 |      0 |   1 |  226.0 |
               +--------+--------+--------+--------+--------+-----+--------+

Top non-repeatable levels by time:
       D: 226 daAuts
